Map: Efemeryda ER

Players

kers - Winner!

  • Race: Protoss Protoss
  • League: Platinum
  • Spawn Location: 5:00

VOD

Have the link to the VOD?

Description

Time

  • Played on: March 4, 2020, 3:16 p.m.
  • Length: 2:59
Show
View Real Time Build Order
Export as new Build Order

kers Protoss - Winner!

Build Orders: 1 Gate Expand 

Get SALT Encoding   

  12  0:02  Probe  
  12  0:14  Probe  
  12  0:17  Pylon  
  12  0:26  Probe  
  12  0:38  Probe (Chrono Boost), Gateway  
  12  0:45  Assimilator  
  12  0:50  Probe (Chrono Boost)  
  12  0:58  Probe (Chrono Boost)  
  12  1:04  Probe  
  12  1:16  Probe  
  12  1:26  Nexus  
  12  1:38  Cybernetics Core  
  12  1:41  Probe  
  12  1:45  Assimilator  
  12  1:53  Probe  
  12  1:55  Pylon  
  12  2:05  Probe  
  12  2:14  Adept  
  12  2:17  Probe  
  12  2:29  Probe  
Tags
 
Add a new tag
Caveats
  • Supply blocks, unpowered buildings, or Contaminate may cause inaccurate times.
  • Supply counts are checked every 10 seconds.